 Dungeon Crawl Stone Soup version 0.18-a0-1435-gee79d65 (webtiles) character file.

257 M4edhros the Vandal (level 6, -13/39 HPs)
             Began as an Octopode Hunter on Feb 29, 2016.
             Mangled by an ogre
             ... wielding a +0 giant spiked club
              (19 damage)
             ... on level 4 of the Dungeon.
             The game lasted 00:02:01 (2171 turns).

M4edhros the Vandal (Octopode Hunter)               Turns: 2171, Time: 00:02:02

Health: -13/39     AC:  1    Str: 16    XL:     6   Next: 16%
Magic:  15/15      EV: 14    Int: 18    God:
Gold:   156        SH:  0    Dex: 15    Spells: 0 memorised, 5 levels left

rFire  . . .     SeeInvis .     b - +0 short sword
rCold  . . .     Gourm    .     (no shield)
rNeg   . . .     Faith    .     (helmet restricted)
rPois  .         Spirit   .     (no amulet)
rElec  .         Dismiss  .     m - ring of magical power
rCorr  .         Reflect  .     (no ring)
SustAt .         Harm     .     (no ring)
MR     .....                    (no ring)
Stlth  +++.......               (no ring)
                                (no ring)
                                (no ring)
                                (no ring)

@: mighty, brilliant, not resistant to hostile enchantments, fairly stealthy
A: almost no armour, amphibious, 8 rings, constrict 8, camouflage 1, gelatinous
body 1
a: no special abilities


You were on level 4 of the Dungeon.
You were hungry.

You visited 1 branch of the dungeon, and saw 4 of its levels.

You collected 156 gold pieces.

Inventory:

Hand Weapons
 a - a +1 hunting sling
 b - a +0 short sword (weapon)
Missiles
 c - 18 sling bullets
 e - 71 stones (quivered)
 q - 2 poisoned tomahawks
Jewellery
 m - a ring of magical power (left tentacle)
Scrolls
 g - a scroll of noise {unknown}
 h - a scroll of recharging {unknown}
 k - a scroll of remove curse {unknown}
 l - a scroll of enchant weapon {unknown}
 n - a scroll of enchant armour {unknown}
 p - a scroll of identify {unknown}
Potions
 i - 2 potions of brilliance
 j - a potion of might
Comestibles
 d - a bread ration
 f - a royal jelly
 o - 2 meat rations


   Skills:
 - Level 2.0 Fighting
 + Level 5.9 Slings
 + Level 4.5 Dodging
 - Level 1.3 Stealth


You had 5 spell levels left.
You didn't know any spells.

Dungeon Overview and Level Annotations

Branches:
Dungeon (4/15)
 Temple: D:4-7

Altars:
Fedhas
Qazlal


Innate Abilities, Weirdness & Mutations

You cannot wear most types of armour.
You are amphibious.
You can wear up to eight rings at the same time.
You can use your tentacles to constrict eight enemies at once.
Your skin changes colour to match your surroundings (Stealth).
Your rubbery body absorbs attacks (AC +1).


Message History

An ogre is nearby!
The ogre shouts!
An ogre is nearby!
An ogre is nearby!
The ogre misses you.
Drink which item? (? for menu, Esc to quit)
It was a potion of might.
You feel very mighty all of a sudden.
The ogre hits you with a giant spiked club!!
Ouch! That really hurt!
Drink which item? (? for menu, Esc to quit)
It was a potion of brilliance.
You feel clever all of a sudden.
You barely miss the ogre.
The ogre hits you with a giant spiked club!
* * * LOW HITPOINT WARNING * * *
You barely miss the ogre. You squeeze the ogre!
The ogre is heavily wounded.
The ogre hits you with a giant spiked club!!
You die...

#.....# ..# #....# ...#
# ##....## ...# #
#......# ....## ###
#...#..# .....# ..###
##..##..##.....# ....#
##...##..........
..#.####..#.##..........
......##.##.##.#@.......
#..#........##.#O.......
##.##.^...>.##.#..!.....
##........#.##.#........
#####.....#.##.#........
# #.......# #........ #
##..###..# #........ #
#.## ............. ..
.[# ...


You could see an ogre.

Vanquished Creatures
  An ogre (D:4)
  A crimson imp (D:4)
  Ijyb (D:2)
  Terence (D:2)
  4 adders (D:2)
  3 worms (D:2)
  2 dart slugs (D:2)
  3 giant geckos (D:2)
  3 bats
  2 giant cockroaches (D:2)
  3 goblins
  5 hobgoblins
  2 kobolds (D:1)
  2 quokkas
  A ball python (D:1)
  2 giant newts (D:2)
  10 rats
46 creatures vanquished.

Notes
Turn   | Place    | Note
--------------------------------------------------------------
     0 | D:1      | M4edhros the Octopode Hunter began the quest for the Orb.
     0 | D:1      | Reached XP level 1. HP: 14/14 MP: 1/1
    76 | D:1      | Reached XP level 2. HP: 19/19 MP: 2/2
   480 | D:2      | Found a blossoming altar of Fedhas.
   557 | D:2      | Noticed Terence
   574 | D:2      | Killed Terence
   574 | D:2      | Reached XP level 3. HP: 8/24 MP: 3/3
   897 | D:2      | Reached XP level 4. HP: 15/29 MP: 4/4
  1330 | D:2      | Reached skill level 5 in Slings
  1607 | D:2      | Noticed Ijyb
  1608 | D:2      | Found a stormy altar of Qazlal.
  1616 | D:2      | Killed Ijyb
  1616 | D:2      | Reached XP level 5. HP: 24/34 MP: 5/5
  2000 | D:4      | Noticed an ogre
  2020 | D:4      | Killed an ogre
  2132 | D:4      | Reached XP level 6. HP: 39/39 MP: 6/6
  2171 | D:4      | Mangled by an ogre

Vault maps used:
D:1:      minmay_arrival_four_loops
D:2:      grunt_temple_overflow_forces_of_nature, uniq_iyjb, uniq_terence
D:4:      serial_shops, shop, first_bread, uniq_natasha, uniq_grinder

Skill      XL: |  1  2  3  4  5 |
---------------+----------------+-----
Dodging        | 3 4 |  4.5
Slings         | 5 |  5.9
Fighting       | |  2.0
Stealth        | |  1.3

Action                   |  1- 3 |  4- 6 || total
-------------------------+-------+-------++-------
Melee: Short sword       |    23 |    83 ||   106
 Fire: Hunting sling     |    33 |       ||    33
  Use: Potion            |       |     3 ||     3
 Stab: Sleeping          |     2 |     5 ||     7
  Eat: Chunk             |       |     3 ||     3
